 Dungeon Crawl Stone Soup version 0.23.2-40-g277498a (webtiles) character file.

Game seed: 2049888168889805527

19178 Fang the Fighter (level 12, -3/80 HPs)
             Began as a Gargoyle Berserker on Oct 16, 2019.
             Was a High Priest of Trog.
             Slain by a 13-headed hydra (8 damage)
             ... on level 2 of the Lair of Beasts on Oct 17, 2019.
             The game lasted 00:14:27 (12508 turns).

Fang the Fighter (Gargoyle Berserker)              Turns: 12508, Time: 00:14:27

Health: -3/80      AC: 31    Str: 26    XL:     12   Next: 66%
Magic:  0/4        EV: 15    Int:  7    God:    Trog [*****.]
Gold:   650        SH:  0    Dex: 10    Spells: 11/11 levels left

rFire    + . .     SeeInvis .   s - +2 executioner's axe (antimagic)
rCold    . . .     Gourm    .   (shield currently unavailable)
rNeg     + . .     Faith    .   b - +4 plate armour {rF+}
rPois    ∞         Spirit   +   (no helmet)
rElec    +         Reflect  .   x - +2 cloak {+Inv}
rCorr    .         Harm     .   (no gloves)
MR       .....                  (no boots)
Stlth    ..........             L - amulet of guardian spirit
HPRegen  0.23/turn              n - ring of Shadows {Umbra +Inv Stlth+}
MPRegen  0.09/turn              k - +4 ring of evasion

@: berserk cooldown, slowed, wreathed by umbra, very slow
A: negative energy resistance 1, electricity resistance, unbreathing,
petrification resistance, rot immunity, AC +8
a: Berserk, Trog's Hand, Brothers in Arms, Renounce Religion, Evoke Invisibility


You were on level 2 of the Lair of Beasts.
You worshipped Trog.
Trog was extremely pleased with you.
You were hungry.

You visited 3 branches of the dungeon, and saw 14 of its levels.

You collected 650 gold pieces.

Inventory:

Hand Weapons
 a - a +1 war axe
 s - a +2 antimagic executioner's axe (weapon)
 N - a +3 antimagic battleaxe
Armour
 b - a +4 plate armour of fire resistance (worn)
 x - a +2 cloak of invisibility (worn)
 M - a scarf of repulsion
Jewellery
 k - a +4 ring of evasion (right hand)
 n - the ring of Shadows (left hand) {Umbra +Inv Stlth+}
   (You took it off an ogre mage on level 10 of the Dungeon)

   [ring of stealth]

   It lets you turn invisible.
   It makes you more stealthy.
 y - an uncursed ring of resist corrosion
 C - an uncursed ring of magical power
 I - an uncursed ring of stealth
 L - an amulet of guardian spirit (around neck)
Wands
 t - a wand of disintegration (29)
 A - a wand of polymorph (6)
 B - a wand of random effects (40)
 D - a wand of flame (14)
 F - a wand of acid (8)
Scrolls
 d - a scroll of fear
 i - 8 scrolls of remove curse
 l - a scroll of blinking
 o - 4 scrolls of teleportation
 E - a scroll of fog
 G - a scroll of magic mapping
Potions
 e - 4 potions of cancellation
 f - a potion of berserk rage
 g - a potion of magic {unknown}
 h - a potion of ambrosia
 j - 4 potions of curing
 m - 2 potions of haste
 p - 3 potions of degeneration {unknown}
 q - 2 potions of mutation {unknown}
 r - a potion of might {unknown}
 u - 2 potions of invisibility {unknown}
 v - 2 potions of lignification {unknown}
 w - a potion of heal wounds {unknown}
 z - a potion of agility
 H - a potion of resistance {unknown}
Comestibles
 c - 20 rations


   Skills:
 + Level 11.6 Fighting
 + Level 10.0 Axes
 + Level 11.4 Armour
 + Level 8.9 Dodging


You had 11 spell levels left.
You didn't know any spells.
Your spell library was empty.

Dungeon Overview and Level Annotations

Branches:
Dungeon (11/15)            Temple (1/1) D:6            Lair (2/6) D:9
    Orc (0/2) D:11
  Swamp: Lair:2-4    Shoals: Lair:2-4     Snake: Lair:2-4    Spider: Lair:2-4

Altars:
Ashenzari
Cheibriados
Dithmenos
Elyvilon
Gozag
Hepliaklqana
Kikubaaqudgha
Nemelex Xobeh
Okawaru
Ru
Trog
Vehumet
Xom
Yredelemnul

Shops:
D:5 [   D:7 =


Innate Abilities, Weirdness & Mutations

You are resistant to torment.
Your stone body is resilient. (AC +8)
You are immune to poison.
You resist negative energy. (rN+)
You are resistant to electric shocks. (rElec)
You can survive without breathing.
You are immune to petrification.
You are immune to rotting.


Message History

You chop one of the 12-headed hydra's heads off!
The 11-headed hydra grows two more!
You hit the 13-headed hydra.
The 13-headed hydra is moderately wounded.
The 13-headed hydra completely misses you.
The 13-headed hydra bites you but does no damage.
The 13-headed hydra bites you.
* * * LOW HITPOINT WARNING * * *
The 13-headed hydra barely misses you.
The 13-headed hydra bites you but does no damage.
The 13-headed hydra closely misses you. The 13-headed hydra misses you.
The 13-headed hydra bites you but does no damage. x2
The 13-headed hydra misses you. The 13-headed hydra closely misses you.
The 13-headed hydra bites you but does no damage.
The 13-headed hydra barely misses you.
The 13-headed hydra bites you but does no damage. x3
The 13-headed hydra misses you.
The 13-headed hydra bites you but does no damage.
The 13-headed hydra closely misses you.
The 13-headed hydra barely misses you. x2
The 13-headed hydra bites you!
You die...

.#### .# #....## #.
..##....## # P#. #
#........# #.. .P. #
##........## .. . ... #
###P........P##.#... #.
#####...................
#. ..##............@D.#
#. .....##.........##P#
## ..######........# #
### ##.##†#..# ###..)#.#
# ##..### ## # #.P#
###.##+## ## # #..#
........# ##. # #.##
........####..


You could see a 13-headed hydra.

Vanquished Creatures
  A catoblepas (D:11)
  An ogre mage (D:10)
  A two-headed ogre (D:11)
  2 unseen horrors (D:11)
  A manticore (D:10)
  An ugly thing (D:11)
  An elephant (D:9)
  A gargoyle (D:11)
  4 spiny frogs
  A rime drake (Lair:2)
  4 trolls
  A queen bee (Lair:1)
  A hornet (Lair:2)
  6 hippogriffs
  Sigmund (D:5)
  A vampire (D:10)
  5 yaks (Lair:1)
  3 basilisks
  The ghost of Aisha the Covered, an amateur HuFi (D:4)
  A hungry ghost (D:9)
  2 water moccasins (Lair:2)
  2 porcupines (Lair:1)
  3 orc warriors
  4 phantoms
  4 sky beasts
  An eye of draining (D:11)
  4 ice beasts
  A black bear (D:7)
  4 ogres
  2 necrophages
  8 centaurs
  A crocodile (Lair:1)
  3 big kobolds
  6 bullfrogs
  6 scorpions
  34 killer bees
  A wight (D:10)
  4 howler monkeys
  4 electric eels
  7 crimson imps
  A quasit (D:5)
  2 centaur zombies
  3 bullfrog zombies
  4 centaur skeletons
  2 gnoll shamans
  2 orc priests
  11 hounds
  A jelly (D:9)
  Crazy Yiuf (D:6)
  Natasha (thrice) (D:3)
  A bullfrog skeleton (D:4)
  4 iguanas
  9 orc wizards
  13 worker ants
  2 hound zombies
  A hound skeleton (D:10)
  3 worker ant zombies
  13 gnolls
  2 howler monkey skeletons
  15 adders
  A shadow imp (D:10)
  2 oozes
  2 adder skeletons
  An adder zombie (D:5)
  3 worms
  3 dart slugs
  8 leopard geckos
  39 orcs
  4 giant cockroaches
  11 goblins
  8 hobgoblins
  6 jackals
  20 kobolds
  5 quokkas
  A ball python (D:1)
  A ball python skeleton (D:4)
  13 bats
  4 frilled lizards
  A leopard gecko skeleton (D:4)
  A quokka skeleton (D:6)
  2 quokka zombies
  10 rats
  2 fungi (D:6)
  4 plants
384 creatures vanquished.

Vanquished Creatures (collateral kills)
  A hydra (Lair:2)
1 creature vanquished.

Vanquished Creatures (others)
  An orc wizard (D:11)
  A plant (Lair:1)
2 creatures vanquished.

Grand Total: 387 creatures vanquished

Notes
Turn   | Place    | Note
-------+----------+-------------------------------------------
     0 | D:1      | Fang the Gargoyle Berserker began the quest for the Orb.
     0 | D:1      | Reached XP level 1. HP: 14/14 MP: 1/1
    79 | D:1      | Reached XP level 2. HP: 19/19 MP: 2/2
   623 | D:1      | Reached XP level 3. HP: 23/23 MP: 3/3
   934 | D:2      | Reached ** piety under Trog
   952 | D:2      | Found a white marble altar of Elyvilon.
   952 | D:2      | Found a hazy altar of Hepliaklqana.
   972 | D:2      | Reached XP level 4. HP: 29/29 MP: 4/4
  1813 | D:3      | Reached XP level 5. HP: 33/33 MP: 5/5
  1948 | D:3      | Found a faded altar of an unknown god.
  1983 | D:3      | Noticed Natasha
  1991 | D:3      | Killed Natasha
  1991 | D:3      | Reached *** piety under Trog
  2036 | D:3      | Noticed Natasha
  2041 | D:3      | Killed Natasha
  2217 | D:3      | Noticed Natasha
  2233 | D:3      | Killed Natasha
  2233 | D:3      | Reached XP level 6. HP: 32/39 MP: 6/6
  2543 | D:4      | Found a runed translucent gate.
  2543 | D:4      | Found a runed translucent gate.
  2544 | D:4      | Found a runed translucent gate.
  2548 | D:4      | Noticed Aisha's ghost (amateur HuFi)
  2591 | D:4      | Found a basalt altar of Yredelemnul.
  2593 | D:4      | Found a snail-covered altar of Cheibriados.
  2638 | D:4      | Reached skill level 5 in Fighting
  2699 | D:4      | Reached XP level 7. HP: 37/44 MP: 7/7
  2861 | D:4      | Found a radiant altar of Vehumet.
  3257 | D:4      | Killed Aisha's ghost
  3323 | D:5      | Entered Level 5 of the Dungeon
  3354 | D:5      | Reached skill level 5 in Armour
  3373 | D:5      | Reached XP level 8. HP: 33/51 MP: 8/8
  3496 | D:5      | Found Hafemeest's Antique Armour Shop.
  3610 | D:5      | Found a sparkling altar of Nemelex Xobeh.
  3645 | D:5      | Reached skill level 5 in Axes
  3678 | D:5      | Noticed Sigmund
  3698 | D:5      | Killed Sigmund
  3975 | D:5      | Reached **** piety under Trog
  4725 | D:6      | Reached XP level 9. HP: 34/56 MP: 9/9
  4727 | D:6      | Reached skill level 5 in Dodging
  5115 | D:6      | Found a bloodstained altar of Trog.
  5345 | D:6      | Found a staircase to the Ecumenical Temple.
  5456 | Temple   | Entered the Ecumenical Temple
  5512 | D:6      | Found a runed translucent door.
  5513 | D:6      | Noticed Crazy Yiuf
  5521 | D:6      | Killed Crazy Yiuf
  6025 | D:7      | Found an opulent altar of Gozag.
  6083 | D:7      | Found Jaiturch's Jewellery Shoppe.
  6207 | D:7      | Paralysed by a gnoll for 5 turns
  6262 | D:7      | Found a shimmering altar of Xom.
  6392 | D:7      | Reached ***** piety under Trog
  6687 | D:8      | Reached XP level 10. HP: 64/64 MP: 10/10
  7238 | D:8      | Found an ancient bone altar of Kikubaaqudgha.
  7306 | D:8      | Found a shattered altar of Ashenzari.
  7352 | D:8      | Found a sacrificial altar of Ru.
  7352 | D:8      | Found a shadowy altar of Dithmenos.
  7904 | D:9      | Noticed an elephant
  7928 | D:9      | Killed an elephant
  7930 | D:9      | Received a gift from Trog
  8173 | D:9      | Found a staircase to the Lair.
  8232 | D:9      | Found an iron altar of Okawaru.
  8489 | D:9      | Reached XP level 11. HP: 71/71 MP: 3/11
  8838 | D:10     | Entered Level 10 of the Dungeon
  9384 | D:10     | Noticed a manticore
  9393 | D:10     | Killed a manticore
  9393 | D:10     | Reached skill level 10 in Fighting
  9402 | D:10     | Noticed an ogre mage
  9424 | D:10     | Killed an ogre mage
  9663 | D:11     | Killed an unseen horror
  9663 | D:11     | Reached skill level 10 in Armour
  9903 | D:11     | Noticed a two-headed ogre
  9912 | D:11     | Killed a two-headed ogre
  9928 | D:11     | Noticed a catoblepas
  9938 | D:11     | Killed a catoblepas
 10098 | D:11     | Noticed a green ugly thing
 10119 | D:11     | Killed a green ugly thing
 10141 | D:11     | Reached XP level 12. HP: 65/79 MP: 4/12
 10201 | D:11     | Found a staircase to the Orcish Mines.
 10838 | Lair:1   | Entered Level 1 of the Lair of Beasts
 11009 | Lair:1   | Found a dark tunnel.
 11342 | Lair:1   | Received a gift from Trog
 12164 | Lair:2   | Noticed an eight-headed hydra
 12181 | Lair:2   | Killed an eight-headed hydra
 12194 | Lair:2   | Identified a scroll of acquirement
 12452 | Lair:2   | Reached skill level 10 in Axes
 12493 | Lair:2   | Noticed a seven-headed hydra
 12508 | Lair:2   | Slain by a 13-headed hydra

Skill      XL: |  1  2  3  4  5  6  7  8  9 10 11 12 |
---------------+-------------------------------------+-----
Axes           | 3 4 5 6 8 9 10 | 10.0
Dodging        | 2 3 4 5 7 8 |  8.9
Armour         | 3 4 5 6 7 9 10 11 | 11.4
Fighting       | 4 5 6 8 9 10 11 | 11.6

Action                   |  1- 3 |  4- 6 |  7- 9 | 10-12 || total
-------------------------+-------+-------+-------+-------++-------
Melee: Hand axe          |   112 |   132 |       |       ||   244
       War axe           |       |   108 |   374 |   175 ||   657
       Executioner's axe |       |       |       |   572 ||   572
Invok: Berserk           |       |     1 |     6 |     7 ||    14
       Trog's Hand       |       |       |     1 |     2 ||     3
       Brothers in Arms  |       |       |       |     1 ||     1
  Use: Scroll            |       |       |    15 |    12 ||    27
       Potion            |       |       |       |     1 ||     1
 Stab: Petrified         |       |       |       |     2 ||     2
  Eat: Chunk             |       |     7 |    19 |    19 ||    45
       Ration            |       |       |       |     3 ||     3
Armor: Animal skin       |    28 |       |       |       ||    28
       Chain mail        |    44 |   209 |   336 |   230 ||   819
       Plate armour      |       |       |       |   760 ||   760
Dodge: Dodged            |    84 |   123 |   276 |  1465 ||  1948
